 Dungeon Crawl Stone Soup version 0.31.0-9-g3a7656b989 (webtiles) character file.

Game seed: 1367959724443317367

848 qw the Shooter (level 7, 0/35 HPs)
             Began as a Spriggan Hunter on Feb 2, 2024.
             Slain by a mummy (17 damage)
             ... in an ossuary.
             The game lasted 00:00:13 (2346 turns).

qw the Shooter (Spriggan Hunter)                    Turns: 2346, Time: 00:00:13

Health: 0/35       AC:  2    Str:  7    XL:     7   Next: 69%
Magic:  8/8        EV: 22    Int: 11    God:
Gold:   219        SH:  0    Dex: 20    Spells: 6/6 levels left

rFire   . . .        a - +1 shortbow
rCold   . . .        (shield currently unavailable)
rNeg    . . .        c - +0 robe
rPois   .            (helmet restricted)
rElec   .            (no cloak)
rCorr   .            (gloves unavailable)
SInv    +            (boots unavailable)
Will    +....        d - amulet of regeneration
Stlth   ++           k - +4 ring of slaying {mikee}
HPRegen 1.05/turn    (no ring)
MPRegen 0.11/turn

%: no passive effects
@: very quick
A: very small, no large weapons, unfitting armour, see invisible, speed 3,
talons 2
a: no special abilities


You were in an ossuary.
You visited 1 branch of the dungeon, and saw 6 of its levels.
You also visited: Ossuary.

You collected 219 gold pieces.


Innate Abilities, Weirdness & Mutations

You are very small and have problems with some larger weapons.
You are too small for most types of armour.
You have supernaturally acute eyesight. (SInv)
You cover ground extremely quickly. (Speed+++)
You have razor-sharp toenails.


   Skills:
 - Level 2.7 Fighting
 + Level 7.8 Ranged Weapons
 - Level 7.0 Dodging
 - Level 1.5 Stealth


You had 6 spell levels left.
You didn't know any spells.
Your spell library was empty.

Inventory:

Hand Weapons
 a - a +1 shortbow (weapon)
Armour
 c - a +0 robe (worn)
Jewellery
 d - an amulet of regeneration (around neck)
 k - a +4 ring of slaying (left hand) {mikee}
Potions
 b - 2 potions of curing
 e - 2 potions of mutation
 f - a potion of might
 g - a potion of invisibility {unknown}
 h - a potion of cancellation {unknown}
 j - a potion of berserk rage {unknown}

Dungeon Overview and Level Annotations

Branches:
Dungeon (6/15)            Ossuary (1/1)
 Temple: D:4-7

Altars:


Message History

You kill the burial acolyte!
You start resting.
Magic restored.
You start resting.
HP restored.
Things that are here:
a +1 antimagic dagger; a +0 robe; a human corpse
There is a huge open translucent gate here.
You now have 202 gold pieces (gained 18).
The burial acolyte shouts!
h - a green potion You now have 219 gold pieces (gained 17).
There is a gate leading back out of this place here.
Could not explore, unopened runed door.
You open the huge gate. You shoot an arrow. The arrow hits the burial acolyte.
The burial acolyte is lightly wounded.
The burial acolyte completely misses you.
You shoot an arrow.
The arrow closely misses the burial acolyte.
The hound zombie closely misses you. The human zombie closely misses you.
The burial acolyte closely misses you.
You shoot an arrow. The arrow hits the burial acolyte!
The burial acolyte is heavily wounded.
The hound zombie bites you but does no damage.
The burial acolyte hits you with a +0 dagger.
The human zombie hits you. The hound zombie barely misses you.
The mummy completely misses you.
You shoot an arrow. The arrow hits the burial acolyte.
The burial acolyte is almost dead.
The burial acolyte misses you. The hound zombie bites you.
The human zombie hits you.
You shoot an arrow. The arrow hits the burial acolyte.
You kill the burial acolyte!
The hound zombie bites you. The mummy completely misses you.
The human zombie closely misses you. The hound zombie closely misses you.
You shoot an arrow. The arrow hits the hound zombie!
The hound zombie is severely damaged.
The hound zombie closely misses you. The mummy hits you!
You die...

!$$ $$$ #.#
#.# ##.##
#####...#####
#...'Z)''...#
##..'M@Z'..##
#...'...'...#
##..'...'..##
#...'...'...#
#####...#####
#...'...'...#
##..'''''..##
#...'...'...#
#####.#.#####


You could see a mummy, a hound zombie and a human zombie.

Vanquished Creatures
  Menkaure (D:4)
  A phantom (D:5)
  2 elf zombies (D:4)
  2 burial acolytes (Ossuary)
  A howler monkey (D:4)
  A bombardier beetle (D:4)
  A centaur zombie (Ossuary)
  A human zombie (D:4)
  An orc priest (D:4)
  A human skeleton (D:4)
  2 orc wizards
  A mummy (Ossuary)
  8 adders
  3 gnolls (D:4)
  2 ufetubi (D:4)
  A dart slug (D:2)
  6 orcs
  6 ball pythons
  A bat (D:2)
  7 endoplasms
  3 giant cockroaches
  A gnoll zombie (Ossuary)
  3 goblins
  2 hobgoblins
  A quokka (D:4)
  2 frilled lizards (D:1)
  A kobold (D:4)
  An orc skeleton (D:4)
  An orc zombie (Ossuary)
  A rat (D:2)
65 creatures vanquished.

Notes
Turn   | Place    | Note
-------+----------+-------------------------------------------
     0 | D:1      | qw the Spriggan Hunter began the quest for the Orb.
     0 | D:1      | Reached XP level 1. HP: 10/10 MP: 2/2
     0 | D:1      | 0 ||| qw: Version: 0.3-a-155-g5e7d8dd
     0 | D:1      | 0 ||| qw: Game counter: 1786
     0 | D:1      | 0 ||| qw: Melee chars always use a shield: true
     0 | D:1      | 0 ||| qw: God list: Okawaru
     0 | D:1      | 0 ||| qw: Allow faded altars: false
     0 | D:1      | 0 ||| qw: Do Orc after clearing Dungeon:15 true
     0 | D:1      | 0 ||| qw: Do second Lair branch before Depths: true
     0 | D:1      | 0 ||| qw: Lair rune preference: random
     0 | D:1      | 0 ||| qw: Goals: Normal
     0 | D:1      | 0 ||| PLANNING D:1-11
   121 | D:1      | Reached skill level 3 in Dodging
   150 | D:1      | 150 ||| READING scroll labelled BASETE BIONE.
   151 | D:1      | 151 ||| READING scroll labelled UPNUHY ON KITA.
   152 | D:1      | 152 ||| DROPPING scroll of butterflies.
   367 | D:1      | Reached XP level 2. HP: 14/14 MP: 3/3
   669 | D:1      | 669 ||| READING scroll labelled CILOOSCH GASCHO.
  1109 | D:2      | Reached XP level 3. HP: 11/18 MP: 4/4
  1117 | D:2      | HP: 4/18 [poisoned by an adder]
  1527 | D:2      | 1527 ||| UPGRADING to amulet of regeneration.
  1532 | D:2      | 1532 ||| UPGRADING to +4 ring of slaying {mikee}.
  1533 | D:2      | 1533 ||| READING 2 scrolls labelled OLIDWOFOLO.
  1533 | D:2      | 1533 ||| IDENTIFYING blue potion
  1534 | D:2      | 1534 ||| READING scroll of identify.
  1534 | D:2      | 1534 ||| IDENTIFYING fuming grey potion
  1535 | D:2      | 1535 ||| READING scroll labelled FEILES PYRETH.
  1535 | D:2      | 1535 ||| ENCHANTING +0 shortbow.
  1536 | D:2      | 1536 ||| READING scroll labelled XITEIWK YHOG.
  1537 | D:2      | 1537 ||| DRINKING 2 amethyst potions.
  1538 | D:2      | 1538 ||| DRINKING 2 viscous grey potions.
  1538 | D:2      | Gained mutation: You have sharp toenails. [potion of
                  | mutation]
  1538 | D:2      | Gained mutation: You have razor-sharp toenails. [potion of
                  | mutation]
  1539 | D:2      | 1539 ||| DROPPING potion of brilliance.
  1558 | D:3      | 1558 ||| STAIRDANCE
  1568 | D:3      | 1568 ||| STAIRDANCE
  1576 | D:3      | 1576 ||| STAIRDANCE
  1584 | D:3      | 1584 ||| STAIRDANCE
  1610 | D:3      | Reached XP level 4. HP: 22/22 MP: 5/5
  1631 | D:3      | Found a faded altar of an unknown god.
  1692 | D:3      | You fall into a shaft and drop 3 floors!
  1696 | D:6      | 1696 ||| FLEEEEING.
  1697 | D:6      | 1697 ||| FLEEEEING.
  1698 | D:6      | 1698 ||| FLEEEEING.
  1699 | D:6      | 1699 ||| FLEEEEING.
  1700 | D:6      | 1700 ||| FLEEEEING.
  1701 | D:6      | 1701 ||| FLEEEEING.
  1702 | D:6      | 1702 ||| FLEEEEING.
  1703 | D:6      | 1703 ||| STAIRDANCE
  1704 | D:5      | Entered Level 5 of the Dungeon
  1704 | D:5      | Noticed a phantom
  1705 | D:5      | 1705 ||| FLEEEEING.
  1706 | D:5      | 1706 ||| FLEEEEING.
  1707 | D:5      | 1707 ||| FLEEEEING.
  1724 | D:5      | Killed a phantom
  1725 | D:5      | Reached XP level 5. HP: 27/27 MP: 6/6
  1731 | D:4      | 1731 ||| PLANNING OSSUARY
  1876 | D:4      | Noticed Menkaure
  1880 | D:4      | Killed Menkaure
  1881 | D:4      | Reached skill level 6 in Ranged Weapons
  1881 | D:4      | Reached XP level 6. HP: 32/32 MP: 7/7
  1911 | D:4      | 1911 ||| FLEEEEING.
  1912 | D:4      | 1912 ||| FLEEEEING.
  1913 | D:4      | 1913 ||| FLEEEEING.
  1917 | D:4      | 1917 ||| FLEEEEING.
  1918 | D:4      | 1918 ||| FLEEEEING.
  1920 | D:4      | 1920 ||| STAIRDANCE
  1957 | D:4      | Reached skill level 6 in Dodging
  2108 | D:4      | Reached XP level 7. HP: 29/35 MP: 8/8
  2198 | D:4      | Found a sand-covered staircase.
  2201 | D:4      | 2201 ||| READING 2 scrolls labelled ZUTTIGR YTONAO.
  2205 | D:4      | 2205 ||| READING scroll labelled IGUSUZ MYFOPNI.
  2205 | D:4      | 2205 ||| ENCHANTING +0 shortbow.
  2256 | Ossuary  | Entered an ossuary
  2256 | Ossuary  | Found a huge runed translucent gate.
  2256 | Ossuary  | Found a huge runed translucent gate.
  2256 | Ossuary  | Found a huge runed translucent gate.
  2256 | Ossuary  | Found a huge runed translucent gate.
  2256 | Ossuary  | Found a huge runed translucent gate.
  2256 | Ossuary  | Found a huge runed translucent gate.
  2256 | Ossuary  | Found a huge runed translucent gate.
  2256 | Ossuary  | Found a huge runed translucent gate.
  2256 | Ossuary  | Found a huge runed translucent gate.
  2257 | Ossuary  | Found a huge runed translucent gate.
  2257 | Ossuary  | Found a huge runed translucent gate.
  2258 | Ossuary  | Found a huge runed translucent gate.
  2258 | Ossuary  | Found a huge runed translucent gate.
  2260 | Ossuary  | Found a huge runed translucent gate.
  2260 | Ossuary  | Found a huge runed translucent gate.
  2269 | Ossuary  | Found a huge runed translucent gate.
  2269 | Ossuary  | Found a huge runed translucent gate.
  2269 | Ossuary  | Found a huge runed translucent gate.
  2269 | Ossuary  | Found a huge runed translucent gate.
  2269 | Ossuary  | Found a huge runed translucent gate.
  2270 | Ossuary  | Found a huge runed translucent gate.
  2270 | Ossuary  | Found a huge runed translucent gate.
  2272 | Ossuary  | Found a huge runed translucent gate.
  2272 | Ossuary  | Found a huge runed translucent gate.
  2273 | Ossuary  | Found a huge runed translucent gate.
  2273 | Ossuary  | Found a huge runed translucent gate.
  2274 | Ossuary  | Found a huge runed translucent gate.
  2274 | Ossuary  | Found a huge runed translucent gate.
  2276 | Ossuary  | Found a huge runed translucent gate.
  2276 | Ossuary  | Found a huge runed translucent gate.
  2291 | Ossuary  | HP: 5/35 [burial acolyte/+1 antimagic dagger (4)]
  2292 | Ossuary  | 2292 ||| READING scroll of teleportation.
  2296 | Ossuary  | HP: 7/35 [centaur zombie (3)]
  2328 | Ossuary  | Found a huge runed translucent gate.
  2328 | Ossuary  | Found a huge runed translucent gate.
  2328 | Ossuary  | Found a huge runed translucent gate.
  2328 | Ossuary  | Found a huge runed translucent gate.
  2328 | Ossuary  | Found a huge runed translucent gate.
  2346 | Ossuary  | Slain by a mummy

Levels and vault maps discovered:
D:1:      lightli_arrival_farm, layout_loops_ring, serial_glass,
          glass_columns_a, glass_columns_b, feat_on_display, due_unseen_surprise
D:2:      layout_basic, minmay_fractal_squares_gapless_5
D:3:      layout_basic, eat_drink_and_be_merry_uskayaw,
          nicolae_ecumenical_snake_handling, moated_statue, grunt_ministairs_2
D:4:      layout_cave_pools, lemuel_temple_firewalk_b,
          nicolae_ossuary_entry_catacombs, uniq_menkaure
D:5:      layout_cave_pools, uniq_pikel
D:6:      layout_cave_pools, serial_column_ruins, column_ruins_open_small_water,
          column_ruins_columns_straight, column_ruins_open_small,
          column_ruins_columns_straight, column_ruins_grid_1,
          minmay_chambers_of_fives
Ossuary:  minmay_ossuary_gauntlet

Skill      XL: |  1  2  3  4  5  6  7 |
---------------+----------------------+-----
Dodging        | 3 4 5 6 7 |  7.0
Ranged Weapons | 5 6 7 |  7.8
Fighting       | 2 |  2.7
Stealth        | |  1.5

Action                     |  1- 3 |  4- 6 |  7- 9 || total
---------------------------+-------+-------+-------++-------
   Fire: Shortbow          |    85 |   120 |    75 ||   280
    Use: Scroll            |     7 |       |     3 ||    10
         Potion            |     2 |       |       ||     2
 Armour: Robe              |    21 |    22 |    33 ||    76
  Dodge: Dodged            |    56 |    34 |    49 ||   139

Table legend:
 A = Non-vault XP
 B = Vault XP
 C = Vault XP percentage of total XP
 D = Non-vault monster count
 E = Vault monster count
 F = Vault count percentage of total count
                 A         B        C        D         E       F
            +---------+---------+-------+---------+---------+-------
      Total |     477 |     735 |  60.6 |      44 |      21 |  32.3
            +---------+---------+-------+---------+---------+-------
        D:1 |      14 |       0 |   0.0 |       8 |       0 |   0.0
        D:2 |      40 |      42 |  51.2 |      11 |       5 |  31.2
        D:3 |      35 |      29 |  45.3 |       1 |       4 |  80.0
        D:4 |     267 |     455 |  63.0 |      22 |       6 |  21.4
        D:5 |     121 |       0 |   0.0 |       2 |       0 |   0.0
    Ossuary |       0 |     209 | 100.0 |       0 |       6 | 100.0
            +---------+---------+-------+---------+---------+-------
